 Dungeon Crawl Stone Soup version 0.29.1-1-gd02db6906a (webtiles) character file.

Game seed: 16918562417863575693

8 Demigod47 the Trooper (level 2, -2/24 HPs)
             Began as a Demonspawn Abyssal Knight on Oct 6, 2022.
             Was a Believer of Lugonu.
             Slain by a worm (6 damage)
             ... on level 1 of the Dungeon.
             The game lasted 00:06:30 (817 turns).

Demigod47 the Trooper (Demonspawn Abyssal Knight)    Turns: 817, Time: 00:06:30

Health: -2/24      AC: 10    Str: 13    XL:     2   Next: 0%
Magic:  4/4        EV: 11    Int: 11    God:    Lugonu [**....]
Gold:   31         SH:  0    Dex: 13    Spells: 1/1 levels left

rFire   . . .      SeeInvis .   a - +1 short sword
rCold   . . .      Faith    .   (no shield)
rNeg    . . .      Spirit   .   b - +0 leather armour
rPois   .          Reflect  .   (no helmet)
rElec   .          Harm     .   g - +0 cloak
rCorr   .          Rampage  .   (no gloves)
Will    .....                   (no boots)
Stlth   +.........              (no amulet)
HPRegen 0.08/turn               (no ring)
MPRegen 0.09/turn               (no ring)

@: brilliant, sanguine armoured
A: sanguine armour 1
a: Renounce Religion, Depart the Abyss, Bend Space


You were on level 1 of the Dungeon.
You worshipped Lugonu.
Lugonu was pleased with you.
You visited 1 branch of the dungeon, and saw 1 of its levels.
You visited the Abyss 1 time.

You collected 31 gold pieces.

Inventory:

Hand Weapons
 a - a +1 short sword (weapon)
Armour
 b - a +0 leather armour (worn)
 g - a +0 cloak (worn)
Scrolls
 f - 2 scrolls of fog
Potions
 c - a potion of curing


   Skills:
 + Level 3.3 Fighting
 + Level 1.9 Short Blades
 + Level 1.7 Armour
 + Level 0.8 Dodging
 * Level 2.7 Invocations


You had one spell level left.
You didn't know any spells.
Your spell library contained the following spells:

 Spells                   Type           Power      Damage    Failure   Level
 Gell's Gravitas          Tloc           0%         N/A       80%         3
 Teleport Other           Tloc           0%         N/A       80%         3
 Dispersal                Tloc           0%         N/A       100%        6


Dungeon Overview and Level Annotations

Branches:
Dungeon (1/15)

Altars:


Innate Abilities, Weirdness & Mutations

When seriously injured, your blood forms armour. (AC +6)


Message History

The worm bites you!
Your blood congeals into armour.
You barely miss the worm. The worm bites you.
You hit the worm.
The worm is lightly wounded.
You hit the worm.
The worm is moderately wounded.
The worm bites you but does no damage. The worm barely misses you.
The worm falls through a shaft!
The shaft crumbles and collapses.
Okay, then.
Okay, then.
The worm bites you.
* * * LOW HITPOINT WARNING * * *
You hit the worm but do no damage. The worm barely misses you.
Okay, then.
As you read the scroll labelled HEUJET KOAMAMO, it crumbles to dust.
It is a scroll of identify.
f - 2 scrolls of fog The worm bites you.
* * * LOW HITPOINT WARNING * * *
It was a potion of brilliance.
You feel clever all of a sudden.
You barely miss the worm. The worm closely misses you.
You hit the worm.
The worm is lightly wounded.
The worm barely misses you.
You hit the worm.
The worm is moderately wounded.
You hit the worm.
The worm is moderately wounded.
The worm bites you but does no damage.
You barely miss the worm.
The worm is moderately wounded.
You hit the worm but do no damage.
The worm is moderately wounded.
The worm bites you.
* * * LOW HITPOINT WARNING * * *
You barely miss the worm.
The worm is moderately wounded.
The worm bites you.
You die...

#......... .. .... ...########
.## .... .#........####+#+ ..##
.... ##........#.....# #...##
.... ##........#.....###.....##
.... ##........#.....##..^..^.#
.... #####'#####...†.#..^......
.... #####.#####.....#w........
###. ...##.....'.....@..^.......
##[.
...########..........>.....###..#
...# #.....#.....^...#...... ...#
#.....##.......# #..### ...#
#.....###.....####...## ...#
#.....# ##.#####.....# ......#
###+### #.#........' ....#.#
..........# ....# # ........#


You could see a worm.

Vanquished Creatures
  2 bats (D:1)
  An endoplasm (D:1)
  A goblin (D:1)
  A ball python (D:1)
  2 frilled lizards (D:1)
  A rat (D:1)
8 creatures vanquished.

Vanquished Creatures (others)
  3 starspawn tentacles (Abyss:1)
3 creatures vanquished.

Grand Total: 11 creatures vanquished

Notes
Turn   | Place    | Note
-------+----------+-------------------------------------------
     0 | Abyss:1  | Demigod47 the Demonspawn Abyssal Knight began the quest for
                  | the Orb.
     0 | Abyss:1  | Reached XP level 1. HP: 18/18 MP: 2/2
     7 | Abyss:1  | Found a corrupted altar of Lugonu.
    98 | Abyss:1  | Noticed a tentacled starspawn
   112 | D:1      | Escaped the Abyss
   495 | D:1      | Reached ** piety under Lugonu
   792 | D:1      | Gained mutation: When seriously injured, your blood forms
                  | armour. (AC +6) [demonic ancestry]
   792 | D:1      | Reached XP level 2. HP: 24/24 MP: 4/4
   817 | D:1      | Slain by a worm

Illustrated notes

Levels and vault maps discovered:
D:1:      dpeg_arrival_concentric_ovals, layout_basic, nicolae_wormholes

Action                   || total
-------------------------++-------
Melee: Short sword       ||    31
Invok: Depart the Abyss  ||     1
  Use: Potion            ||     2
       Scroll            ||     1
Armor: Leather armour    ||    35
Dodge: Dodged            ||    49
